 Dungeon Crawl Stone Soup version 0.27.1-34-g3ba077fa99 (webtiles) character file.

Game seed: 9929399345728566516

1138 alasdair19 the Slasher (level 8, -4/66 (68) HPs)
             Began as a Minotaur Fighter on Feb 5, 2022.
             Slain by Menkaure (15 damage)
             ... on level 5 of the Dungeon.
             The game lasted 00:10:28 (4813 turns).

alasdair19 the Slasher (Minotaur Fighter)           Turns: 4813, Time: 00:10:29

HP:   -4/66 (68)    AC: 11    Str: 22    XL:     8   Next: 14%
MP:   7/7           EV:  6    Int:  6    God:
Gold: 181           SH: 10    Dex: 10    Spells: 7/7 levels left

rFire    . . .     SeeInvis .   e - +0 falchion
rCold    . . .     Faith    .   c - +0 kite shield
rNeg     . . .     Spirit   .   w - +0 chain mail
rPois    .         Reflect  .   (helmet restricted)
rElec    .         Harm     .   (no cloak)
rCorr    .         Rampage  .   (no gloves)
Will     .....                  h - +0 pair of boots
Stlth    ..........             (no amulet)
HPRegen  0.21/turn              (no ring)
MPRegen  0.10/turn              (no ring)

@: lightly drained
A: horns 2, retaliatory headbutt
a: no special abilities


You were on level 5 of the Dungeon.
You visited 1 branch of the dungeon, and saw 5 of its levels.
You also visited: Ossuary.

You collected 181 gold pieces.

Inventory:

Hand Weapons
 e - a +0 falchion (weapon)
Missiles
 m - 3 boomerangs (quivered)
Armour
 c - a +0 kite shield (worn)
 h - a +0 pair of boots (worn)
 w - a +0 chain mail (worn)
Wands
 u - a wand of mindburst (13)
Scrolls
 a - a scroll of immolation {unknown}
 b - a scroll of vulnerability {unknown}
 g - 2 scrolls of blinking {unknown}
 i - a scroll of enchant armour {unknown}
 j - 4 scrolls of teleportation
 k - a scroll of noise {unknown}
 l - a scroll of fog {unknown}
 v - a scroll of enchant weapon {unknown}
Potions
 d - a potion of might
 f - 3 potions of resistance
 n - 6 potions of lignification
 o - a potion of magic
 q - a potion of berserk rage
 s - a potion of curing
 t - 2 potions of heal wounds


   Skills:
 + Level 5.1 Fighting
 + Level 7.7 Long Blades
 + Level 0.3 Throwing
 + Level 6.1 Armour
 - Level 0.3 Dodging
 + Level 6.7 Shields
 * Level 1.9 Evocations


You had 7 spell levels left.
You didn't know any spells.
Your spell library contained the following spells:

 Spells                   Type           Power      Damage    Failure   Level
 Sublimation of Blood     Necr           0%         N/A       100%        2
 Petrify                  Tmut/Erth      0%         N/A       100%        4
 Irradiate                Conj/Tmut      0%         3d14      100%        5


Dungeon Overview and Level Annotations

Branches:
Dungeon (5/15)            Ossuary (visited)
 Temple: D:4-7

Altars:
Elyvilon
Gozag
Makhleb
Qazlal
Trog
Wu Jian

Annotations:
D:5 Menkaure


Innate Abilities, Weirdness & Mutations

You have a pair of horns on your head.
You reflexively headbutt those who attack you in melee.


Message History

Your +0 falchion unmelds from your body.
Your +0 pair of boots unmelds from your body.
Your +0 kite shield unmelds from your body.
Your +0 chain mail unmelds from your body.
There is an open door here.
There is a stone staircase leading up here.
You climb upwards.
Reactivating autopickup.
There is a stone staircase leading down here.
You start resting.
HP restored.
You climb downwards.
Level annotation: Menkaure, Sigmund
There is a stone staircase leading up here.
Sigmund shouts!
Menkaure calls on the powers of darkness!
Sigmund convulses!
Your body is wracked with pain!
Menkaure calls on the powers of darkness!
Sigmund convulses!
Your body is wracked with pain!
* * * LOW HITPOINT WARNING * * *
Sigmund casts a spell.
Sigmund flickers and vanishes!
Deactivating autopickup; reactivate with Ctrl-A.
Something hits you.
* * * LOW HITPOINT WARNING * * *
You hear some strange, mumbled words.
Something tries to affect you, but you resist.
You hit something. You headbutt something. Something hits you.
* * * LOW HITPOINT WARNING * * *
You hit something.
Reactivating autopickup.
You feel a bit more experienced.
Menkaure casts a spell.
Menkaure seems to speed up.
Things that are here:
a +0 scythe; a +2 robe of cold resistance; a wand of polymorph (3)
You slash Menkaure!
Menkaure is moderately damaged.
Menkaure hits you!
You die...

....(.......# #..###
####........#####≈≈≈≈###
# #........'....≈.....#
# #........#####≈≈≈≈#.#
# ###M#.#..#######.## #
######.#....#........#
.....#.###.##.####.#.#
####.............#.#)#
## #....≈≈≈≈≈≈≈≈@..#.#
.# #.#.≈.§§....≈M..#..
.# #.#.≈.§§§≈§.≈...##M#
.# #.#.≈.§...≈.≈..<# ..
.# #.#.≈§≈.§...≈.[## #.#
## #.#.≈.≈...§.≈..# ..
#.#.≈.≈≈§§§.≈.## #..
#.#.≈....§§.≈.#
#.#.≈≈≈≈≈≈≈≈≈.#


You could see Menkaure (fast).

Vanquished Creatures
  Sigmund (D:5)
  Duvessa (D:5)
  An ice beast (D:5)
  A black bear (D:4)
  A scorpion (D:5)
  6 water moccasin zombies (Ossuary)
  Dowan (D:5)
  A gnoll shaman (D:4)
  2 hounds
  A hound skeleton (D:5)
  2 mummies (Ossuary)
  5 gnolls
  4 adders
  A white imp (D:5)
  7 adder zombies (Ossuary)
  A worm (D:2)
  11 orcs
  6 endoplasms
  A giant cockroach (D:2)
  4 gnoll zombies (Ossuary)
  8 goblins
  10 hobgoblins
  9 jackals
  4 quokkas
  4 ball pythons
  4 bats
  6 frilled lizards
  8 hobgoblin zombies (Ossuary)
  7 kobolds
  6 kobold zombies (Ossuary)
  2 orc zombies (Ossuary)
  6 rats
132 creatures vanquished.

Vanquished Creatures (others)
  A fungus (D:3)
1 creature vanquished.

Grand Total: 133 creatures vanquished

Notes
Turn   | Place    | Note
-------+----------+-------------------------------------------
     0 | D:1      | alasdair19 the Minotaur Fighter began the quest for the
                  | Orb.
     0 | D:1      | Reached XP level 1. HP: 19/19 MP: 0/0
   218 | D:1      | Reached XP level 2. HP: 24/27 MP: 1/1
   869 | D:2      | Reached XP level 3. HP: 33/33 MP: 2/2
  1299 | D:2      | Reached skill level 3 in Long Blades
  1566 | D:3      | Reached XP level 4. HP: 36/40 MP: 3/3
  1614 | D:3      | Found a faded altar of an unknown god.
  1754 | D:3      | Found a bloodstained altar of Trog.
  1765 | D:3      | Reached skill level 4 in Long Blades
  2084 | D:3      | Found a white marble altar of Elyvilon.
  2191 | D:4      | Found a sand-covered staircase.
  2206 | D:4      | Reached XP level 5. HP: 41/46 MP: 4/4
  2221 | Ossuary  | Entered an ossuary
  2252 | Ossuary  | Reached skill level 5 in Shields
  2271 | Ossuary  | Reached skill level 5 in Armour
  2446 | Ossuary  | Reached XP level 6. HP: 29/52 MP: 5/5
  2628 | Ossuary  | Reached skill level 5 in Long Blades
  2731 | Ossuary  | Reached XP level 7. HP: 59/60 MP: 6/6
  2845 | D:4      | Found a stormy altar of Qazlal.
  2976 | D:4      | Reached skill level 6 in Long Blades
  3179 | D:4      | Reached skill level 1 in Evocations
  3381 | D:5      | Entered Level 5 of the Dungeon
  3381 | D:5      | Found an ornate altar of the Wu Jian Council.
  3486 | D:5      | Noticed Duvessa
  3487 | D:5      | Noticed Dowan
  3495 | D:5      | Killed Duvessa
  3496 | D:5      | Reached skill level 7 in Long Blades
  3722 | D:5      | Killed Dowan
  3723 | D:5      | Reached skill level 5 in Fighting
  3737 | D:5      | Reached XP level 8. HP: 68/68 MP: 7/7
  3884 | D:5      | Found a burning altar of Makhleb.
  3953 | D:5      | Found an opulent altar of Gozag.
  4121 | D:5      | Noticed Menkaure
  4123 | D:5      | Noticed Sigmund
  4811 | D:5      | Killed Sigmund
  4813 | D:5      | Slain by Menkaure

Illustrated notes

Levels and vault maps discovered:
D:1:      minmay_arrival_three_doors, layout_rooms,
          hangedman_abyss_or_decor_stabs, hangedman_feature_mirror
D:2:      layout_basic
D:3:      layout_basic, trog_three_pillars_becter, elyvilon_altar_5,
          shapermc_ecumenical_altar_acropolis
D:4:      layout_loops_ring, mainiacjoe_overflow_chevrons, enter_ossuary_1
D:5:      layout_basic, mainiacjoe_overflow_concentric_impassable,
          mainiacjoe_overflow_tiny_flanked, mainiacjoe_overflow_alcove_1,
          chequers_serial_rivers_micro_d, uniq_menkaure, uniq_duvessa,
          uniq_edmund, uniq_prince_ribbit1, uniq_sigmund

Skill      XL: |  1  2  3  4  5  6  7 |
---------------+----------------------+-----
Armour         | 4 5 6 |  6.1
Shields        | 4 5 6 |  6.7
Long Blades    | 3 4 5 7 |  7.7
Fighting       | 4 5 |  5.1
Evocations     | 1 |  1.9
Throwing       | |  0.3
Dodging        | |  0.3

Action                   |  1- 3 |  4- 6 |  7- 9 || total
-------------------------+-------+-------+-------++-------
Melee: Long sword        |   121 |       |       ||   121
       Headbutt          |    20 |    36 |    20 ||    76
       Falchion          |    22 |   197 |   124 ||   343
       Unarmed           |       |       |    10 ||    10
Throw: Boomerang         |     1 |       |       ||     1
  Use: Scroll            |       |     2 |     8 ||    10
       Potion            |       |       |     1 ||     1
Armor: Scale mail        |    84 |    71 |    14 ||   169
       Chain mail        |       |       |    24 ||    24
Dodge: Dodged            |    46 |    57 |    27 ||   130
Block: Kite shield       |    77 |    95 |    62 ||   234
       Rpst.: Long sword |     5 |       |       ||     5
       Falchion          |     2 |    19 |     9 ||    30
